 Dungeon Crawl Stone Soup version 0.25-a0-294-gea9b1ad378 (webtiles) character file.

Game seed: 2259398512460890441, levelgen mode: deterministic

7 mopl the Vexing (level 1, -1/13 HPs)
             Began as a Demonspawn Enchanter on Dec 16, 2019.
             Slain by a kobold
             ... wielding a +0 dagger
              (3 damage)
             ... on level 1 of the Dungeon.
             The game lasted 00:00:22 (153 turns).

mopl the Vexing (Demonspawn Enchanter)               Turns: 153, Time: 00:00:23

Health: -1/13      AC:  2    Str:  8    XL:     1   Next: 83%
Magic:  2/3        EV: 12    Int: 16    God:
Gold:   9          SH:  0    Dex: 13    Spells: 3/4 levels left

rFire    . . .     SeeInvis .   a - +1 dagger
rCold    . . .     Gourm    .   (no shield)
rNeg     . . .     Faith    .   b - +0 robe
rPois    .         Spirit   .   (no helmet)
rElec    .         Reflect  .   (no cloak)
rCorr    .         Harm     .   (no gloves)
MR       .....                  (no boots)
Stlth    ++........             (no amulet)
HPRegen  0.04/turn              (no ring)
MPRegen  0.08/turn              (no ring)

@: no status effects
A: no striking features
a: no special abilities


You were on level 1 of the Dungeon.
You were not hungry.

You visited 1 branch of the dungeon, and saw 1 of its levels.

You collected 9 gold pieces.

Inventory:

Hand Weapons
 a - a +1 dagger (weapon)
Armour
 b - a +0 robe (worn)
Scrolls
 c - a scroll of identify {unknown}
Potions
 e - a potion of curing {unknown}
Comestibles
 d - a ration


   Skills:
 - Level 0.8 Short Blades
 - Level 1.7 Dodging
 * Level 2.9 Stealth
 + Level 2.1 Spellcasting
 * Level 3.2 Hexes


You had 3 spell levels left.
You knew the following spells:

 Your Spells              Type           Power        Failure   Level  Hunger
a - Corona                Hex            ##.....      5%          1    #......

Your spell library contained the following spells:

 Spells                   Type           Power        Failure   Level  Hunger
 Ensorcelled Hibernation  Hex/Ice        #.....       16%         2    ###....
 Confuse                  Hex            ##......     17%         3    ###....
 Tukima's Dance           Hex            ##......     17%         3    ###....
 Dazzling Flash           Conj/Hex       #.....       32%         3    ###....


Dungeon Overview and Level Annotations

Branches:
Dungeon (1/15)

Altars:


Message History

Aim: a kobold, wielding a +0 dagger (chance to defeat MR: 64%)
The kobold is outlined in light.
You hit the kobold but do no damage. The kobold hits you with a +0 dagger.
* * * LOW HITPOINT WARNING * * *
You hit the kobold but do no damage. The kobold hits you but does no damage.
You barely miss the kobold. The kobold closely misses you.
You hit the kobold.
The kobold is moderately wounded.
The kobold misses you.
You hit the kobold.
The kobold is heavily wounded.
The kobold misses you.
You hit the kobold but do no damage.
The kobold is heavily wounded.
The kobold stops glowing.
The kobold hits you with a +0 dagger.
* * * LOW HITPOINT WARNING * * *
You hit the kobold.
The kobold is severely wounded.
The kobold hits you with a +0 dagger.
You die...

##########.########## ....
#..#........)....#..# ...
#.#...............#.# #..
##.......#.#.......##
###..##......#.#.#.#......#
.....#.....##.#.#.##.....#
##.#...#.......⌠#.#⌠.......#
#......#..#######.#######..#
..........K@.....<..........
#......#(.#######.#######..#
.......#.......⌠#.# ...#
#......#.....##.#.# ...#
...#...#...K..# #.# ....# .#
....##.......#.# ...## .####
.#...?K.... ...#. .# .
#........ . #####


You could see a kobold.

Vanquished Creatures
  An ooze (D:1)
  A bat (D:1)
  A kobold (D:1)
3 creatures vanquished.

Notes
Turn   | Place    | Note
-------+----------+-------------------------------------------
     0 | D:1      | mopl the Demonspawn Enchanter began the quest for the Orb.
     0 | D:1      | Reached XP level 1. HP: 13/13 MP: 3/3
   153 | D:1      | Slain by a kobold

Levels and vault maps discovered:
D:1:      matt_arrival_grand_opening, layout_loops_ring, dk_noncrumbling_4,
          nrook_campfire, due_unseen_surprise

Action                   || total
-------------------------++-------
Melee: Dagger            ||    18
 Cast: Corona            ||     2
 Stab: Sleeping          ||     1
Armor: Robe              ||     4
Dodge: Dodged            ||     5

Table legend:
 A = Non-vault XP
 B = Vault XP
 C = Vault XP percentage of total XP
 D = Non-vault monster count
 E = Vault monster count
 F = Vault count percentage of total count
                 A         B        C        D         E       F
            +---------+---------+-------+---------+---------+-------
      Total |      10 |       0 |   0.0 |       3 |       0 |   0.0
            +---------+---------+-------+---------+---------+-------
        D:1 |      10 |       0 |   0.0 |       3 |       0 |   0.0
            +---------+---------+-------+---------+---------+-------
